 Dungeon Crawl Stone Soup version 0.30.1-4-g462c640d31 (webtiles) character file.

Game seed: 12701955963896369590

1394 safid the Chiller (level 8, -11/65 HPs)
             Began as a Merfolk Ice Elementalist on Sept 7, 2023.
             Killed from afar by an electric eel (13 damage)
             ... with a bolt of electricity
             ... on level 5 of the Dungeon.
             The game lasted 00:08:10 (4453 turns).

safid the Chiller (Merfolk Ice Elementalist)        Turns: 4453, Time: 00:08:11

Health: -11/65     AC:  5    Str:  8    XL:     8   Next: 68%
Magic:  16/16      EV: 13    Int: 17    God:
Gold:   180        SH:  0    Dex: 20    Spells: 11/18 levels left

rFire   . . .        x - +1 dagger (venom)
rCold   . . .        (no shield)
rNeg    . . .        i - +2 robe {Will+}
rPois   +            n - +0 helmet
rElec   .            (no cloak)
rCorr   .            (no gloves)
SInv    .            (no boots)
Will    +....        (no amulet)
Stlth   ++           g - ring of poison resistance
HPRegen 0.30/turn    m - +6 ring of dexterity
MPRegen 0.15/turn

%: no passive effects
@: no status effects
A: (nimble swimmer 2), mertail
a: no special abilities


You were on level 5 of the Dungeon.
You visited 1 branch of the dungeon, and saw 5 of its levels.

You collected 180 gold pieces.

Inventory:

Hand Weapons
 e - the +5 sling of Eternity {drain, rPois Int+3}
   (You found it on level 4 of the Dungeon)

   Int:       It affects your intelligence (+3).
   rPois:     It protects you from poison.
 x - a +1 dagger of venom (weapon)
Missiles
 v - 3 throwing nets
Armour
 i - a +2 robe of willpower (worn)
 n - a +0 helmet (worn)
Jewellery
 g - a ring of poison resistance (left hand)
 m - a +6 ring of dexterity (right hand)
 y - a ring of ice
Wands
 s - a wand of mindburst (7)
Scrolls
 d - a scroll of fear {unknown}
 h - 3 scrolls of teleportation {unknown}
 o - 7 scrolls of identify {unknown}
 q - a scroll of noise {unknown}
 r - a scroll of fog {unknown}
 t - a scroll of blinking {unknown}
 w - a scroll of immolation {unknown}
Potions
 a - 3 potions of resistance {unknown}
 b - 3 potions of magic
 c - 2 potions of mutation {unknown}
 f - 3 potions of lignification {unknown}
 j - a potion of invisibility {unknown}
 k - a potion of cancellation {unknown}
 l - a potion of curing {unknown}
 p - 2 potions of brilliance {unknown}
 u - a potion of attraction {unknown}


   Skills:
 + Level 6.3 Fighting
 - Level 2.6 Dodging
 - Level 2.1 Stealth
 + Level 5.8 Spellcasting
 + Level 7.9 Ice Magic


You had 11 spell levels left.
You knew the following spells:

 Your Spells              Type           Power      Damage    Failure   Level
a - Freeze                Ice            100%       1d10      1%          1
b - Frozen Ramparts       Ice            64%        1d10      1%          3
c - Ozocubu's Armour      Ice            32%        N/A       1%          3

Your spell library contained the following spells:

 Spells                   Type           Power      Damage    Failure   Level
 Summon Ice Beast         Ice/Summ       18%        N/A       26%         4


Dungeon Overview and Level Annotations

Branches:
Dungeon (5/15)
 Temple: D:4-7

Altars:


Innate Abilities, Weirdness & Mutations

((You are very nimble when in or above water. (Stealth+, EV+, Speed+++)))
Your lower body shifts to a powerful aquatic tail in water.


Message History

a +0 troll leather armour; a troll corpse You open the door.
The electric eel shoots out a bolt of lightning at you!
The bolt of electricity hits the plant!
The plant begins to die.
The bolt of electricity hits the plant!
The plant begins to die.
The bolt of electricity hits you!
Unknown command.
As you close the door, it creaks loudly!
You start resting.
HP restored.
You open the door.
The electric eel shoots out a bolt of lightning at you!
The bolt of electricity misses you.
The electric eel shoots out a bolt of lightning at you!
The bolt of electricity hits you! The bolt of electricity misses you.
The electric eel shoots out a bolt of lightning at you!
The bolt of electricity hits the plant.
The plant begins to die.
The bolt of electricity hits you!
There is an open door here.
The electric eel shoots out a bolt of lightning at you!
The bolt of electricity misses you. x2
The electric eel shoots out a bolt of lightning at you!
The bolt of electricity hits the electric eel.
The electric eel completely resists.
The bolt of electricity hits you!
You hit the electric eel.
The electric eel is moderately wounded.
The electric eel shoots out a bolt of lightning at you!
The bolt of electricity hits you! The bolt of electricity misses you.
The electric eel shoots out a bolt of lightning at you!
The bolt of electricity hits the electric eel.
The electric eel completely resists.
The bolt of electricity hits you!
* * * LOW HITPOINT WARNING * * *
A nearby plant withers and dies.
The electric eel shoots out a bolt of lightning at you!
The bolt of electricity hits the electric eel.
The electric eel completely resists.
The bolt of electricity hits you!
* * * LOW HITPOINT WARNING * * *
The electric eel shoots out a bolt of lightning at you!
The bolt of electricity hits you!
You die...

#### ...# ...#####
.......#########
....##.......... ###
>.........########.##
...#####'##≈(~~..#..#
...# #.#≈S.~...'#.#
...## #.#≈$!~..@.#[#
....# #~#≈≈[SS...#~##
....# #~##≈~.P..##~~#
....#
##~##########~##
†...# ##~##≈$~~. #..#
....######~#S≈.P..
+#.#
###......#.#S[[P..
#~#
########.#.#≈≈....
#~# ..# #.#.##≈.~P.
##~#


You could see 3 electric eels.

Vanquished Creatures
  A troll (D:5)
  Sigmund (D:2)
  Menkaure (D:4)
  Duvessa (D:4)
  2 ice beasts (D:5)
  A scorpion (D:5)
  Dowan (D:4)
  A howler monkey (D:3)
  A gnoll bouda (D:3)
  2 hounds
  Ijyb (D:3)
  An iguana (D:3)
  A sleepcap (D:4)
  Natasha (D:2)
  Terence (D:2)
  12 gnolls
  11 adders
  An ufetubus (D:5)
  2 dart slugs
  9 ball pythons
  3 endoplasms
  2 giant cockroaches
  6 goblins
  4 hobgoblins
  3 jackals (D:4)
  2 kobolds
  2 quokkas
  3 bats
  3 frilled lizards
  3 rats
83 creatures vanquished.

Notes
Turn   | Place    | Note
-------+----------+-------------------------------------------
     0 | D:1      | safid the Merfolk Ice Elementalist began the quest for the
                  | Orb.
     0 | D:1      | Reached XP level 1. HP: 13/13 MP: 3/3
   248 | D:1      | Reached XP level 2. HP: 20/20 MP: 1/5
   305 | D:1      | Reached skill level 1 in Fighting
   696 | D:1      | Reached XP level 3. HP: 26/26 MP: 6/6
   763 | D:1      | You fall into a shaft and drop 1 floor!
   768 | D:2      | Learned a level 3 spell: Frozen Ramparts
   931 | D:2      | Noticed Natasha
  1065 | D:2      | Killed Natasha
  1066 | D:2      | Reached skill level 5 in Ice Magic
  1066 | D:2      | Reached XP level 4. HP: 33/33 MP: 3/8
  1131 | D:2      | Learned a level 3 spell: Ozocubu's Armour
  1184 | D:2      | Noticed Sigmund
  1199 | D:2      | Killed Sigmund
  1200 | D:2      | Reached XP level 5. HP: 21/41 MP: 0/10
  1200 | D:2      | Reached XP level 6. HP: 24/47 MP: 0/11
  1535 | D:2      | Noticed Terence
  1542 | D:2      | Killed Terence
  1853 | D:3      | Found a faded altar of an unknown god.
  1973 | D:3      | Reached skill level 6 in Ice Magic
  2257 | D:3      | Noticed Ijyb
  2267 | D:3      | Killed Ijyb
  2370 | D:3      | Reached XP level 7. HP: 54/54 MP: 9/13
  3055 | D:4      | Noticed Dowan
  3057 | D:4      | Noticed Duvessa
  3080 | D:4      | Killed Duvessa
  3082 | D:4      | Killed Dowan
  3083 | D:4      | Reached skill level 5 in Fighting
  3162 | D:4      | Noticed Menkaure
  3403 | D:4      | Identified the +5 sling of Eternity {drain, rPois Int+3}
  3664 | D:4      | Killed Menkaure
  3665 | D:4      | Reached skill level 5 in Spellcasting
  3665 | D:4      | Reached skill level 7 in Ice Magic
  3665 | D:4      | Reached XP level 8. HP: 32/62 MP: 7/15
  3899 | D:5      | Entered Level 5 of the Dungeon
  4359 | D:5      | Noticed a troll
  4371 | D:5      | Killed a troll
  4453 | D:5      | HP: 2/65 [electric eel/bolt of electricity (12)]
  4453 | D:5      | Killed from afar by an electric eel

Illustrated notes

Levels and vault maps discovered:
D:1:      dpeg_arrival_central, layout_basic
D:2:      layout_loops_ring, uniq_sigmund, uniq_natasha, uniq_terence
D:3:      layout_loops_ring, basic_ecumenical_altar, uniq_ijyb
D:4:      layout_cave_pools, uniq_duvessa, uniq_menkaure
D:5:      cheibrodos_two_vegetables, layout_basic,
          nicolae_overflow_hallway_of_the_gods,
          minmay_temple_entry_drinking_statues, minmay_statues_item

Skill      XL: |  1  2  3  4  5  6  7  8 |
---------------+-------------------------+-----
Fighting       | 1 2 3 4 5 6 |  6.3
Ice Magic      | 5 6 7 |  7.9
Spellcasting   | 3 4 5 |  5.8
Dodging        | |  2.6
Stealth        | |  2.1

Action                     |  1- 3 |  4- 6 |  7- 9 || total
---------------------------+-------+-------+-------++-------
  Melee: Unarmed           |     8 |       |       ||     8
         Club              |     8 |       |       ||     8
         Flail             |    21 |    49 |    22 ||    92
         Dagger            |       |       |   105 ||   105
         Tailslap          |       |       |     3 ||     3
   Cast: Freeze            |    16 |    19 |     2 ||    37
         Frozen Ramparts   |     1 |     6 |    15 ||    22
         Ozocubu's Armour  |       |     2 |     7 ||     9
   Stab: Sleeping          |     3 |     1 |     1 ||     5
 Armour: Robe              |     7 |    10 |    50 ||    67
  Dodge: Dodged            |    26 |    39 |   120 ||   185
